 Dungeon Sprint DCSS version 0.31.0-32-g396128a36d (webtiles) character file.

Game seed: 7623822970411204365

6 ugugthedestroyer the Changeling (level 1, 0/16 HPs)
             Began as a Merfolk Shapeshifter on Apr 19, 2024.
             Was an Initiate of Gozag.
             Slain by an adder (4 damage)
             ... in the Dungeon (Sprint VII: "The Pits").
             The game lasted 00:01:55 (84 turns).

ugugthedestroyer the Changeling (MfSh)                Turns: 84, Time: 00:01:55

Health: 0/16       AC:  2    Str: 14    XL:     1   Next: 90%
Magic:  1/1        EV: 12    Int:  9    God:    Gozag
Gold:   252        SH:  0    Dex: 13    Spells: 0/0 levels left

rFire   . .          .
                       - Unarmed
rCold   . . .        (no shield)
rNeg    . . .        a - +0 animal skin
rPois   .            (helmet currently unavailable)
rElec   .            (cloak currently unavailable)
rCorr   .            (gloves currently unavailable)
SInv    .            (boots currently unavailable)
Will    .....        (no amulet)
Stlth   +            (no ring)
HPRegen 0.22/turn    (no ring)
MPRegen 0.07/turn

%: no teleportation
@: lethally poisoned (0 -> -9), beast-form
A: beast (slay +2), (nimble swimmer 2), mertail
a: Begin Untransformation, Renounce Religion, Potion Petition, Call Merchant,
Bribe Branch


You were in the Dungeon.
You worshipped Gozag.
Gozag was aware of your devotion.
You were a hulking beast.
You visited 1 branch You collected 252 gold pieces.

Inventory:

Armour
 a - a +0 animal skin (worn)
Talismans
 c - a beast talisman
 d - a flux talisman
Scrolls
 j - a scroll of blinking
 l - 2 scrolls of vulnerability
 m - 5 scrolls of amnesia
 n - a scroll of summoning
Potions
 b - a potion of lignification
 e - a potion of curing
 f - a potion of heal wounds
 g - a potion of haste
 h - 4 potions of magic
 i - 3 potions of berserk rage
 k - 2 potions of invisibility


   Skills:
 + Level 1.8 Fighting
 + Level 2.8 Dodging
 + Level 4.4 Unarmed Combat
 + Level 4.5 Shapeshifting


You couldn't memorise any spells.
You didn't know any spells.
Your spell library was empty.

Dungeon Overview and Level Annotations

Branches:
Dungeon (1/1)

Altars:
Ashenzari
Cheibriados
Dithmenos
Elyvilon
Fedhas
Gozag
Hepliaklqana
Kikubaaqudgha
Makhleb
Nemelex Xobeh
Okawaru
Qazlal
Ru
Sif Muna
Trog
Uskayaw
Vehumet
Wu Jian
Xom
Yredelemnul
Zin
The Shining One
Jiyva
Lugonu


Innate Abilities, Weirdness & Mutations

You are a hulking beast.
Your limbs bulge with bestial killing power. (Slay +2)
((You are very nimble when in or above water. (Stealth+, EV+, Speed+++)))
Your lower body shifts to a powerful aquatic tail in water.


Message History

You hit the quokka.
The quokka is moderately wounded.
The hobgoblin shouts!
The quokka barely misses you.
You hit the quokka. Your punch misses the quokka.
The quokka is severely wounded.
The quokka closely misses you. The hobgoblin hits you.
You hit the quokka.
You kill the quokka!
The hobgoblin closely misses you.
You punch the hobgoblin!
You kill the hobgoblin!
You now have 180 gold pieces (gained 45).
You now have 252 gold pieces (gained 72).
You open the door.
A bat, a quokka, an adder and a rat come into view.
The adder hisses angrily.
The rat squeaks loudly.
The bat barely misses you.
There is an open door here.
The bat misses you. The adder bites you.
You hit the adder but do no damage. The bat hits you but does no damage.
The adder bites you.
You are poisoned.
The adder poisons you! The bat barely misses you.
You miss the adder.
You feel sick. The bat hits you but does no damage.
The adder barely misses you. The rat misses you.
You punch the adder!
The adder is almost dead.
You feel sick. The bat hits you but does no damage. The adder bites you.
You are lethally poisoned!
The adder poisons you! The rat barely misses you. The adder barely misses you.
The bat hits you but does no damage.
You closely miss the adder.
The adder is almost dead.
You feel sick. The bat hits you.
* * * LOW HITPOINT WARNING * * *
The quokka bites you but does no damage.
The adder bites you.
You die...
Your body crumbles into a pile of gold.

#...........'..........
#+#####'#####......#..#
#.....# #..........
#.....# ####'#####+
###'### #.......#
#.....# #.......#
#.....# #.......#
####'##+###...<...#
#...hr...##.......#
#..Sbr...##.......#
###########.......#
#########


You could see an adder, a quokka, a bat and a rat.

Vanquished Creatures
  A bat (D)
  A bat skeleton (D)
  A hobgoblin (D)
  A quokka (D)
  A ball python (D)
5 creatures vanquished.

Notes
Turn   | Place    | Note
-------+----------+-------------------------------------------
     0 | D        | ugugthedestroyer the Merfolk Shapeshifter began the quest
                  | for the Orb.
     0 | D        | Reached XP level 1. HP: 15/15 MP: 1/1
    39 | D        | Found a bloodstained altar of Trog.
    39 | D        | Found a shimmering blue altar of Sif Muna.
    39 | D        | Found a viscous altar of Jiyva.
    39 | D        | Found a hazy altar of Hepliaklqana.
    39 | D        | Found an opulent altar of Gozag.
    40 | D        | Found a glowing golden altar of the Shining One.
    40 | D        | Found a glowing silver altar of Zin.
    40 | D        | Found a basalt altar of Yredelemnul.
    40 | D        | Found a shimmering altar of Xom.
    40 | D        | Found an ornate altar of the Wu Jian Council.
    40 | D        | Found a sacrificial altar of Ru.
    40 | D        | Found a stormy altar of Qazlal.
    40 | D        | Found an iron altar of Okawaru.
    40 | D        | Found a sparkling altar of Nemelex Xobeh.
    40 | D        | Found a burning altar of Makhleb.
    40 | D        | Found a blossoming altar of Fedhas.
    40 | D        | Found a white marble altar of Elyvilon.
    40 | D        | Found a shadowy altar of Dithmenos.
    40 | D        | Found a snail-covered altar of Cheibriados.
    41 | D        | Found a radiant altar of Vehumet.
    41 | D        | Found a corrupted altar of Lugonu.
    42 | D        | Found an ancient bone altar of Kikubaaqudgha.
    42 | D        | Found a hide-covered altar of Uskayaw.
    42 | D        | Found a broken altar of Ashenzari.
    44 | D        | Became a worshipper of Gozag Ym Sagoz the Greedy
    84 | D        | Slain by an adder

Illustrated notes

Levels and vault maps discovered:
D:        pitsprint [storerooms_1, entrance_room_1, metal_vault_2, armoury_1,
          mini_pit_1, grid_room_1, main_hall_1, silver_pit, the_coven_3,
          the_vestibule_1, steel_vault_3, golden_pit, hallway_of_sentries,
          crystal_vault_1, iron_vault_4, final_vault]

Skill      XL: |  1 |
---------------+----+-----
Unarmed Combat | 4 |  4.4
Fighting       | |  1.8
Dodging        | |  2.8
Shapeshifting  | |  4.5

Action                     || total
---------------------------++-------
  Melee: Unarmed           ||    12
 Armour: Animal skin       ||    14
  Dodge: Dodged            ||    12
